ANAHEIM vs ARIZONA

Created - Wednesday, November 08, 2017 at 17:28

Goals
1 2 3 T
ANAHEIM 1 2 3 6
ARIZONA 1 1 0 2
Shots
1 2 3 T
ANAHEIM 9 9 13 31
ARIZONA 9 6 6 21

1st period

1. ANAHEIM , Connor McDavid 7 (Lee Stempniak 2, Michael Frolik 5) at 11:57 (PP)
2. ARIZONA , Sean Couturier 2 (Alexander Burmistrov 2, P.K. Subban 11) at 13:11

Penalties :
Alexander Burmistrov (ARI) for Holding Stick (Minor) at 9:25, Mikhail Grigorenko (ARI) for Tripping (Minor) at 11:45, Evgeny Kuznetsov (ANA) for Hooking (Minor) at 16:04

2nd period

3. ANAHEIM , Evgeny Kuznetsov 4 (Erik Gudbranson 3, Kris Russell 4) at 3:44
4. ANAHEIM , Evgeny Kuznetsov 5 (Karl Alzner 5, Thomas Vanek 1) at 13:22 (PP)
5. ARIZONA , William Nylander 4 (Mikael Backlund 3) at 17:40

Penalties :
Alexander Burmistrov (ARI) for Hooking (Minor) at 7:36, Gabriel Landeskog (ARI) for Tripping (Minor) at 11:44, Tomas Plekanec (ARI) for Holding (Minor) at 15:14

3rd period

6. ANAHEIM , Mike Green 4 (Connor McDavid 7, Michael Frolik 6) at 5:28 (PP)
7. ANAHEIM , Connor McDavid 8 (Ben Lovejoy 7, Mike Green 6) at 6:00
8. ANAHEIM , Connor McDavid 9 (Sam Reinhart 6, Michael Frolik 7) at 19:55

Penalties :
Justin Williams (ARI) for Hooking (Minor) at 5:14

Goalie Stats

Cam Talbot (ANA), 19 saves from 21 shots - (0.905), W, 7-2-2, 60:00 minutes
Pekka Rinne (ARI), 25 saves from 31 shots - (0.806), L, 5-5-1, 60:00 minutes

Players Stats for ANAHEIM

Player Name              G  A  P  +/- PIM S  H  SB GA TA FO     MP     PP MP  PK MP  
------------------------------------------------------------------------------------
Alexandre Burrows        0  0  0  -1  0   0  0  0  0  0  0/0     5:46   0:00   0:00 
Andrew Shaw              0  0  0  -1  0   0  2  0  0  0  2/4     5:46   0:00   0:00 
Anton Stralman           0  0  0  -1  0   1  5  3  0  0  0/0    24:10   3:43   1:17 
Ben Lovejoy              0  1  1   2  0   0  1  1  0  0  0/0    21:14   3:42   0:42 
Benoit Pouliot           0  0  0   0  0   1  1  0  0  0  2/2    14:15   0:36   0:22 
Connor McDavid           3  1  4   2  0   5  2  0  0  0  12/33  20:53   4:21   1:59 
David Perron             0  0  0   0  0   3  1  0  0  0  0/1    14:54   0:00   1:37 
Erik Gudbranson          0  1  1   0  0   1  0  1  0  0  0/0    14:00   0:00   0:00 
Evgeny Kuznetsov         2  0  2   0  2   3  0  0  0  0  12/19  19:27   3:04   0:00 
Gustav Nyquist           0  0  0  -1  0   3  3  0  0  0  0/1     9:26   3:40   0:00 
Jacob Josefson           0  0  0   0  0   0  0  0  0  0  8/13   14:19   1:02   0:00 
Karl Alzner              0  1  1  -1  0   1  1  3  0  0  0/0    24:10   3:43   1:17 
Kris Russell             0  1  1   0  0   0  0  2  0  0  0/0    14:36   0:36   0:00 
Lee Stempniak            0  1  1   0  0   4  3  0  0  0  1/1    19:43   3:19   0:00 
Marc Methot              0  0  0   0  0   0  0  0  0  0  0/0     0:36   0:36   0:00 
Michael Frolik           0  3  3   2  0   3  1  0  0  0  0/1    18:54   4:21   0:00 
Mike Green               1  1  2   2  0   2  1  1  0  0  0/0    21:14   3:42   0:42 
Sam Reinhart             0  1  1   2  0   2  1  0  0  0  1/2    15:09   0:36   0:00 
Thomas Vanek             0  1  1   0  0   2  0  0  0  0  1/3    19:28   3:04   0:00 

Players Stats for ARIZONA

Player Name              G  A  P  +/- PIM S  H  SB GA TA FO     MP     PP MP  PK MP  
------------------------------------------------------------------------------------
Adam Larsson             0  0  0   0  0   1  0  0  0  0  0/0    25:31   1:22   4:41 
Alexander Burmistrov     0  1  1   0  4   0  0  0  0  0  0/0    11:43   0:00   0:00 
Brandon Manning          0  0  0   1  0   0  0  0  0  0  0/0    12:04   0:00   0:00 
Bryan Rust               0  0  0   0  0   1  0  0  0  0  3/3    14:00   1:28   0:47 
Gabriel Landeskog        0  0  0   0  2   3  0  0  0  0  0/2    15:49   0:19   1:19 
Ian Cole                 0  0  0  -2  0   1  3  2  0  0  0/0    22:25   0:37   3:20 
Justin Williams          0  0  0   0  2   1  0  0  0  0  0/2    17:20   0:31   0:00 
Loui Eriksson            0  0  0  -1  0   2  0  1  0  0  0/0     7:13   0:00   0:00 
Mikael Backlund          0  1  1   0  0   2  0  3  0  0  11/19  17:27   0:31   0:06 
Mikhail Grigorenko       0  0  0  -1  2   0  0  0  0  0  0/0     7:12   0:00   0:00 
Nicklas Grossmann        0  0  0   1  0   0  1  0  0  0  0/0    12:04   0:00   0:00 
P.K. Subban              0  1  1   0  0   1  0  2  0  0  0/0    25:31   1:22   4:41 
Radek Faksa              0  0  0  -1  0   1  1  0  0  0  3/8    10:16   0:00   3:03 
Reilly Smith             0  0  0   0  0   1  0  1  0  0  1/1    19:35   0:00   5:23 
Ron Hainsey              0  0  0  -2  0   3  0  2  0  0  0/0    22:25   0:37   3:20 
Sean Couturier           1  0  1   0  0   3  0  0  0  0  11/23  16:04   0:00   4:19 
Tomas Plekanec           0  0  0   0  2   0  2  0  0  0  12/22  16:44   1:28   1:05 
William Nylander         1  0  1   0  0   1  1  0  0  0  0/0    18:30   1:40   0:00 

3 Stars

1 - Connor McDavid (ANA)
2 - Mike Green (ANA)
3 - Michael Frolik (ANA)

Power Play

ANAHEIM - 3 on 6 Attempt(s) - 50.00%
ARIZONA - 0 on 1 Attempt(s) - 0.00%

Penalty Kill

ANAHEIM - 1 on 1 Attempt(s) - 100.00% - Score 0 goal in Penalty Kill
ARIZONA - 3 on 6 Attempt(s) - 50.00% - Score 0 goal in Penalty Kill

Team Stat

ANAHEIM - Hits : 22 - Faceoff Wins : 39 - Blocked Shots : 11 - Penalty Minutes : 2
ARIZONA - Hits : 8 - Faceoff Wins : 41 - Blocked Shots : 11 - Penalty Minutes : 12

Official

Referees : Unknown
Linesman : Unknown

Game Notes

Connor McDavid has scored a Hat Trick!

Finance

Level 1 -- Attendance: 5846 (97.43%) -- Ticket Income $508,602
Level 2 -- Attendance: 4461 (89.22%) -- Ticket Income $258,738
Level 3 -- Attendance: 1877 (93.85%) -- Ticket Income $65,695
Level 4 -- Attendance: 3698 (92.45%) -- Ticket Income $73,960
Luxury Box -- Attendance: 845 (84.50%) -- Ticket Income $156,325
Game was played at the Gila River Arena.
Total Attendance: 16727 (92.93%)
Total Ticket Income: $1,063,320
Total Income: $1,063,320

ANAHEIM

5 vs 5 Forward 
   Center                   Left Wing                Right Wing               Time % Phy DF OF 
 1 Evgeny Kuznetsov         Thomas Vanek             Lee Stempniak            35     1   2  2  
 2 Connor McDavid           Michael Frolik           Sam Reinhart             30     1   2  2  
 3 Jacob Josefson           Benoit Pouliot           David Perron             25     1   2  2  
 4 Andrew Shaw              Alexandre Burrows        Gustav Nyquist           10     1   2  2  

5 vs 5 Defense 
   Defense                  Defense                                           Time % Phy DF OF 
 1 Anton Stralman           Karl Alzner                                       35     1   2  2  
 2 Mike Green               Ben Lovejoy                                       30     1   2  2  
 3 Kris Russell             Erik Gudbranson                                   25     1   2  2  
 4 Anton Stralman           Karl Alzner                                       10     1   2  2  

PowerPlay Forward 
   Center                   Left Wing                Right Wing               Time % Phy DF OF 
 1 Connor McDavid           Michael Frolik           Lee Stempniak            60     1   2  2  
 2 Evgeny Kuznetsov         Thomas Vanek             Gustav Nyquist           40     1   2  2  

PowerPlay Defense
   Defense                  Defense                                           Time % Phy DF OF 
 1 Anton Stralman           Karl Alzner                                       60     1   2  2  
 2 Mike Green               Ben Lovejoy                                       40     1   2  2  

Penalty Kill 4 Players Forward 
   Center                   Wing                     Time % Phy DF OF 
 1 Connor McDavid           Evgeny Kuznetsov         60     1   2  2  
 2 Lee Stempniak            Michael Frolik           40     1   2  2  

Penalty Kill 4 Players Defense
   Defense                  Defense                  Time % Phy DF OF 
 1 Anton Stralman           Karl Alzner              60     1   2  2  
 2 Mike Green               Ben Lovejoy              40     1   2  2  

Penalty Kill - 3 Players Forward 
   Forward                                           Time % Phy DF OF 
 1 Connor McDavid                                    60     1   2  2  
 2 Evgeny Kuznetsov                                  40     1   2  2  

Penalty Kill - 3 Players Defense
   Defense                  Defense                  Time % Phy DF OF 
 1 Anton Stralman           Karl Alzner              60     1   2  2  
 2 Mike Green               Ben Lovejoy              40     1   2  2  

4 vs 4 Forward 
   Center                   Wing                     Time % Phy DF OF 
 1 Connor McDavid           Evgeny Kuznetsov         60     1   2  2  
 2 Lee Stempniak            Michael Frolik           40     1   2  2  

4 vs 4 Defense
   Defense                  Defense                  Time % Phy DF OF 
 1 Anton Stralman           Karl Alzner              60     1   2  2  
 2 Mike Green               Ben Lovejoy              40     1   2  2  

Last Minutes Offensive
   Center                   Left Wing                Right Wing               Defense                  Defense                  
   Connor McDavid           Michael Frolik           Lee Stempniak            Anton Stralman           Karl Alzner              

Last Minutes Defensive
   Center                   Left Wing                Right Wing               Defense                  Defense                  
   Connor McDavid           Michael Frolik           Lee Stempniak            Anton Stralman           Karl Alzner              

Goaltenders
Starting : Cam Talbot               
Backup : Peter Budaj              

Extra Forwards
Normal : Jacob Josefson, Sam Reinhart, David Perron - PP : Jacob Josefson, Sam Reinhart - PK : David Perron
Extra Defensemen
Normal : Kris Russell, Erik Gudbranson, Mike Green - PP : Kris Russell - PK : Erik Gudbranson, Mike Green
Penalty Shots
Connor McDavid, Evgeny Kuznetsov, Thomas Vanek, David Perron, Sam Reinhart

Scratches
ANA CAP HIT (Suspend), Nathan Lieuwen (Healthy)

ARIZONA

5 vs 5 Forward 
   Center                   Left Wing                Right Wing               Time % Phy DF OF 
 1 Mikael Backlund          William Nylander         Justin Williams          35     1   2  2  
 2 Tomas Plekanec           Gabriel Landeskog        Reilly Smith             30     1   2  2  
 3 Sean Couturier           Alexander Burmistrov     Bryan Rust               25     1   2  2  
 4 Radek Faksa              Mikhail Grigorenko       Loui Eriksson            10     1   2  2  

5 vs 5 Defense 
   Defense                  Defense                                           Time % Phy DF OF 
 1 P.K. Subban              Adam Larsson                                      35     1   2  2  
 2 Ian Cole                 Ron Hainsey                                       33     1   2  2  
 3 Brandon Manning          Nicklas Grossmann                                 22     1   2  2  
 4 P.K. Subban              Adam Larsson                                      10     1   2  2  

PowerPlay Forward 
   Center                   Left Wing                Right Wing               Time % Phy DF OF 
 1 Mikael Backlund          Gabriel Landeskog        Justin Williams          60     1   2  2  
 2 Tomas Plekanec           William Nylander         Bryan Rust               40     1   2  2  

PowerPlay Defense
   Defense                  Defense                                           Time % Phy DF OF 
 1 P.K. Subban              Adam Larsson                                      60     1   2  2  
 2 Ian Cole                 Ron Hainsey                                       40     1   2  2  

Penalty Kill 4 Players Forward 
   Center                   Wing                     Time % Phy DF OF 
 1 Sean Couturier           Reilly Smith             65     1   2  2  
 2 Tomas Plekanec           Gabriel Landeskog        35     1   2  2  

Penalty Kill 4 Players Defense
   Defense                  Defense                  Time % Phy DF OF 
 1 P.K. Subban              Adam Larsson             55     1   2  2  
 2 Ian Cole                 Ron Hainsey              45     1   2  2  

Penalty Kill - 3 Players Forward 
   Forward                                           Time % Phy DF OF 
 1 Sean Couturier                                    60     1   2  2  
 2 Mikael Backlund                                   40     1   2  2  

Penalty Kill - 3 Players Defense
   Defense                  Defense                  Time % Phy DF OF 
 1 P.K. Subban              Adam Larsson             60     1   2  2  
 2 Ian Cole                 Ron Hainsey              40     1   2  2  

4 vs 4 Forward 
   Center                   Wing                     Time % Phy DF OF 
 1 Tomas Plekanec           William Nylander         60     1   2  2  
 2 Mikael Backlund          Justin Williams          40     1   2  2  

4 vs 4 Defense
   Defense                  Defense                  Time % Phy DF OF 
 1 Ian Cole                 Ron Hainsey              60     1   2  2  
 2 P.K. Subban              Adam Larsson             40     1   2  2  

Last Minutes Offensive
   Center                   Left Wing                Right Wing               Defense                  Defense                  
   Mikael Backlund          Gabriel Landeskog        Justin Williams          P.K. Subban              Adam Larsson             

Last Minutes Defensive
   Center                   Left Wing                Right Wing               Defense                  Defense                  
   Mikael Backlund          Gabriel Landeskog        Reilly Smith             P.K. Subban              Adam Larsson             

Goaltenders
Starting : Pekka Rinne              
Backup : Curtis McElhinney        

Extra Forwards
Normal : Radek Faksa, Sean Couturier, Alexander Burmistrov - PP : William Nylander, Bryan Rust - PK : Radek Faksa
Extra Defensemen
Normal : Brandon Manning, Nicklas Grossmann, Ian Cole - PP : Brandon Manning - PK : Ian Cole, Brandon Manning
Penalty Shots
Gabriel Landeskog, Mikael Backlund, Tomas Plekanec, Justin Williams, Sean Couturier

Scratches
Tom Pyatt (Healthy), John-Michael Liles (Healthy), ARI CAP HIT (Suspend), Carl Gunnarsson (Healthy), Mark Alt (Healthy)

% Time on Ice - ANAHEIM

Lines # - Real PCT - Wanted PCT - Time Play
Normal Forward
1 - 33% - 35% - 16:24
2 - 29% - 30% - 14:33
3 - 27% - 25% - 13:17
4 - 12% - 10% - 5:46
Normal Defense
1 - 33% - 35% - 16:38
2 - 34% - 30% - 16:50
3 - 28% - 25% - 14:00
4 - 5% - 10% - 2:32
PP Forward
1 - 54% - 60% - 4:21
2 - 46% - 40% - 3:40
PP Defense
1 - 54% - 60% - 4:19
2 - 46% - 40% - 3:42
PK Forward
1 - 100% - 60% - 1:59
2 - 0% - 40% - 0:00
PK Defense
1 - 65% - 60% - 1:17
2 - 35% - 40% - 0:42
PK3 Forward
1 - 0% - 60%
2 - 0% - 40%
PK3 Defense
1 - 0% - 60%
2 - 0% - 40%
44 Forward
1 - 0% - 60%
2 - 0% - 40%
44 Defense
1 - 0% - 60%
2 - 0% - 40%
Last Minute Offensive  - 0:00
Last Minute Defensive  - 0:00
Total
Forward - 60:00
Defense - 60:00

% Time on Ice - ARIZONA

Lines # - Real PCT - Wanted PCT - Time Play
Normal Forward
1 - 34% - 35% - 16:50
2 - 28% - 30% - 14:12
3 - 24% - 25% - 11:45
4 - 14% - 10% - 7:13
Normal Defense
1 - 35% - 35% - 17:30
2 - 37% - 33% - 18:28
3 - 24% - 22% - 12:04
4 - 4% - 10% - 1:58
PP Forward
1 - 26% - 60% - 0:31
2 - 74% - 40% - 1:28
PP Defense
1 - 69% - 60% - 1:22
2 - 31% - 40% - 0:37
PK Forward
1 - 80% - 65% - 6:23
2 - 20% - 35% - 1:38
PK Defense
1 - 58% - 55% - 4:41
2 - 42% - 45% - 3:20
PK3 Forward
1 - 0% - 60%
2 - 0% - 40%
PK3 Defense
1 - 0% - 60%
2 - 0% - 40%
44 Forward
1 - 0% - 60%
2 - 0% - 40%
44 Defense
1 - 0% - 60%
2 - 0% - 40%
Last Minute Offensive  - 0:00
Last Minute Defensive  - 0:00
Total
Forward - 60:00
Defense - 60:00

Play by Play

1st period


0:01 of 1st period - Evgeny Kuznetsov wins face-off versus Mikael Backlund in neutral zone.
0:33 of 1st period - Shot by Evgeny Kuznetsov.
0:33 of 1st period - Shot Misses the Net.
1:03 of 1st period - Tomas Plekanec is hit by Lee Stempniak and loses puck.
1:09 of 1st period - Off-side.
1:10 of 1st period - Connor McDavid wins face-off versus Sean Couturier in neutral zone.
1:47 of 1st period - Icing by Mike Green.
1:48 of 1st period - Sam Reinhart wins face-off versus Gabriel Landeskog in ANAHEIM zone.
1:55 of 1st period - Ron Hainsey is hit by Sam Reinhart and loses puck.
2:30 of 1st period - Shot by Benoit Pouliot.
2:30 of 1st period - Shot Misses the Net.
2:32 of 1st period - Shot by David Perron.
2:32 of 1st period - Stopped by Pekka Rinne with a rebound.
2:43 of 1st period - Shot by Erik Gudbranson.
2:43 of 1st period - Deflect By Benoit Pouliot.
2:43 of 1st period - Shot Blocked by Ron Hainsey.
2:49 of 1st period - Shot by Benoit Pouliot.
2:49 of 1st period - Stopped by Pekka Rinne without a rebound.
2:50 of 1st period - Radek Faksa wins face-off versus Andrew Shaw in ARIZONA zone.
3:10 of 1st period - Shot by Gustav Nyquist.
3:10 of 1st period - Shot Blocked by P.K. Subban.
4:04 of 1st period - Justin Williams is hit by Lee Stempniak and loses puck.
5:39 of 1st period - Icing by Jacob Josefson.
5:40 of 1st period - Jacob Josefson wins face-off versus Tomas Plekanec in ANAHEIM zone.
5:55 of 1st period - Icing by David Perron.
5:56 of 1st period - Jacob Josefson wins face-off versus Radek Faksa in ANAHEIM zone.
5:56 of 1st period - Jacob Josefson is hit by Radek Faksa.
6:08 of 1st period - Shot by P.K. Subban.
6:08 of 1st period - Stopped by Cam Talbot without a rebound.
6:09 of 1st period - Reilly Smith wins face-off versus Connor McDavid in ANAHEIM zone.
6:18 of 1st period - Shot by Gabriel Landeskog.
6:18 of 1st period - Shot Blocked by Kris Russell.
6:50 of 1st period - Shot by Sam Reinhart.
6:50 of 1st period - Stopped by Pekka Rinne without a rebound.
6:51 of 1st period - Benoit Pouliot wins face-off versus Mikael Backlund in ARIZONA zone.
7:00 of 1st period - Shot by Justin Williams.
7:00 of 1st period - Deflect By William Nylander.
7:00 of 1st period - Shot Blocked by Anton Stralman.
7:22 of 1st period - Shot by William Nylander.
7:22 of 1st period - Shot Misses the Net.
7:26 of 1st period - Shot by Justin Williams.
7:26 of 1st period - Shot Misses the Net.
7:28 of 1st period - Shot by Adam Larsson.
7:28 of 1st period - Shot Blocked by Karl Alzner.
7:30 of 1st period - Shot by William Nylander.
7:30 of 1st period - Shot Blocked by Anton Stralman.
7:58 of 1st period - Sean Couturier is hit by Anton Stralman.
8:04 of 1st period - Shot by Bryan Rust.
8:04 of 1st period - Stopped by Cam Talbot without a rebound.
8:05 of 1st period - Tomas Plekanec wins face-off versus Connor McDavid in ANAHEIM zone.
8:49 of 1st period - Shot by Connor McDavid.
8:49 of 1st period - Shot Blocked by Reilly Smith.
9:25 of 1st period - Minor Penalty to Alexander Burmistrov for Holding Stick.
9:26 of 1st period - Evgeny Kuznetsov wins face-off versus Sean Couturier in ARIZONA zone.
9:57 of 1st period - Icing by Evgeny Kuznetsov.
9:58 of 1st period - Evgeny Kuznetsov wins face-off versus Sean Couturier in ANAHEIM zone.
10:11 of 1st period - Shot by Adam Larsson.
10:11 of 1st period - Stopped by Cam Talbot without a rebound.
10:12 of 1st period - Connor McDavid wins face-off versus Sean Couturier in ANAHEIM zone.
10:49 of 1st period - Shot by Anton Stralman.
10:49 of 1st period - Shot Misses the Net.
11:09 of 1st period - Shot by Gustav Nyquist.
11:09 of 1st period - Stopped by Pekka Rinne without a rebound.
11:10 of 1st period - Sean Couturier wins face-off versus Evgeny Kuznetsov in ARIZONA zone.
11:38 of 1st period - Shot by Erik Gudbranson.
11:38 of 1st period - Stopped by Pekka Rinne without a rebound.
11:39 of 1st period - Andrew Shaw wins face-off versus Radek Faksa in ARIZONA zone.
11:40 of 1st period - Shot by Alexandre Burrows.
11:40 of 1st period - Shot Misses the Net.
11:45 of 1st period - Minor Penalty to Mikhail Grigorenko for Tripping.
11:46 of 1st period - Connor McDavid wins face-off versus Sean Couturier in ARIZONA zone.
11:57 of 1st period - Shot by Connor McDavid.
11:57 of 1st period - Goal by Connor McDavid - ANAHEIM : 1 - ARIZONA : 0.
11:58 of 1st period - Mikael Backlund wins face-off versus Gustav Nyquist in neutral zone.
12:14 of 1st period - William Nylander is hit by Andrew Shaw and loses puck.
13:09 of 1st period - Shot by Alexander Burmistrov.
13:09 of 1st period - Shot Misses the Net.
13:11 of 1st period - Shot by Sean Couturier.
13:11 of 1st period - Goal by Sean Couturier - ANAHEIM : 1 - ARIZONA : 1.
13:12 of 1st period - Tomas Plekanec wins face-off versus Connor McDavid in neutral zone.
13:21 of 1st period - Shot by Reilly Smith.
13:21 of 1st period - Shot Blocked by Kris Russell.
13:39 of 1st period - Shot by Michael Frolik.
13:39 of 1st period - Stopped by Pekka Rinne without a rebound.
13:40 of 1st period - Evgeny Kuznetsov wins face-off versus Sean Couturier in ARIZONA zone.
14:10 of 1st period - Shot by Bryan Rust.
14:10 of 1st period - Deflect By Sean Couturier.
14:10 of 1st period - Stopped by Cam Talbot without a rebound.
14:11 of 1st period - Connor McDavid wins face-off versus Mikael Backlund in ANAHEIM zone.
14:25 of 1st period - Connor McDavid is hit by Ian Cole and loses puck.
14:34 of 1st period - Shot by Connor McDavid.
14:34 of 1st period - Shot Blocked by Mikael Backlund.
14:36 of 1st period - Shot by Mike Green.
14:36 of 1st period - Stopped by Pekka Rinne without a rebound.
14:37 of 1st period - Tomas Plekanec wins face-off versus Jacob Josefson in ARIZONA zone.
16:04 of 1st period - Minor Penalty to Evgeny Kuznetsov for Hooking.
16:05 of 1st period - Mikael Backlund wins face-off versus Connor McDavid in ANAHEIM zone.
16:11 of 1st period - Mikael Backlund is hit by Mike Green and loses puck.
16:14 of 1st period - Shot by William Nylander.
16:14 of 1st period - Shot Misses the Net.
16:16 of 1st period - Shot by Ron Hainsey.
16:16 of 1st period - Stopped by Cam Talbot without a rebound.
16:17 of 1st period - Mikael Backlund wins face-off versus Connor McDavid in ANAHEIM zone.
16:35 of 1st period - Shot by Ron Hainsey.
16:35 of 1st period - Stopped by Cam Talbot without a rebound.
16:36 of 1st period - Tomas Plekanec wins face-off versus Connor McDavid in ANAHEIM zone.
16:37 of 1st period - Shot by Ian Cole.
16:37 of 1st period - Stopped by Cam Talbot without a rebound.
16:38 of 1st period - Tomas Plekanec wins face-off versus Connor McDavid in ANAHEIM zone.
16:39 of 1st period - Shot by Ian Cole.
16:39 of 1st period - Shot Blocked by Anton Stralman.
16:41 of 1st period - Shot by Ron Hainsey.
16:41 of 1st period - Stopped by Cam Talbot without a rebound.
16:42 of 1st period - Connor McDavid wins face-off versus Tomas Plekanec in ANAHEIM zone.
16:57 of 1st period - Icing by P.K. Subban.
16:58 of 1st period - Tomas Plekanec wins face-off versus Connor McDavid in ARIZONA zone.
16:58 of 1st period - Tomas Plekanec is hit by Connor McDavid.
17:01 of 1st period - Icing by Bryan Rust.
17:02 of 1st period - Tomas Plekanec wins face-off versus David Perron in ARIZONA zone.
17:28 of 1st period - Icing by Bryan Rust.
17:29 of 1st period - Bryan Rust wins face-off versus Connor McDavid in ARIZONA zone.
17:41 of 1st period - Icing by P.K. Subban.
17:42 of 1st period - Connor McDavid wins face-off versus Tomas Plekanec in ARIZONA zone.
18:27 of 1st period - Shot by Evgeny Kuznetsov.
18:27 of 1st period - Shot Misses the Net.
18:42 of 1st period - Shot by Thomas Vanek.
18:42 of 1st period - Shot Blocked by Loui Eriksson.
18:48 of 1st period - Shot by Lee Stempniak.
18:48 of 1st period - Stopped by Pekka Rinne with a rebound.
19:35 of 1st period - Mikael Backlund is hit by Anton Stralman and loses puck.
Goals for this period are 1 for ANAHEIM vs 1 for ARIZONA.
Shots for this period are 9 for ANAHEIM vs 9 for ARIZONA.

2nd period


0:01 of 2nd period - Sean Couturier wins face-off versus Connor McDavid in neutral zone.
0:28 of 2nd period - Shot by Connor McDavid.
0:28 of 2nd period - Deflect By Sam Reinhart.
0:28 of 2nd period - Stopped by Pekka Rinne without a rebound.
0:29 of 2nd period - Evgeny Kuznetsov wins face-off versus Mikael Backlund in ARIZONA zone.
1:07 of 2nd period - Evgeny Kuznetsov is hit by Ian Cole and loses puck.
2:03 of 2nd period - Off-side.
2:04 of 2nd period - Jacob Josefson wins face-off versus Tomas Plekanec in neutral zone.
3:29 of 2nd period - Shot by Lee Stempniak.
3:29 of 2nd period - Stopped by Pekka Rinne with a rebound.
3:44 of 2nd period - Shot by Evgeny Kuznetsov.
3:44 of 2nd period - Goal by Evgeny Kuznetsov - ANAHEIM : 2 - ARIZONA : 1.
3:45 of 2nd period - Connor McDavid wins face-off versus Mikael Backlund in neutral zone.
4:49 of 2nd period - Icing by Alexander Burmistrov.
4:50 of 2nd period - Evgeny Kuznetsov wins face-off versus Sean Couturier in ARIZONA zone.
4:56 of 2nd period - Lee Stempniak is hit by Nicklas Grossmann and loses puck.
5:48 of 2nd period - Mike Green is hit by Tomas Plekanec and loses puck.
5:58 of 2nd period - Icing by P.K. Subban.
5:59 of 2nd period - Jacob Josefson wins face-off versus Tomas Plekanec in ARIZONA zone.
6:03 of 2nd period - Icing by Adam Larsson.
6:04 of 2nd period - Tomas Plekanec wins face-off versus Connor McDavid in ARIZONA zone.
6:17 of 2nd period - Shot by Reilly Smith.
6:17 of 2nd period - Deflect By Gabriel Landeskog.
6:17 of 2nd period - Stopped by Cam Talbot without a rebound.
6:18 of 2nd period - Jacob Josefson wins face-off versus Justin Williams in ANAHEIM zone.
6:57 of 2nd period - Shot by David Perron.
6:57 of 2nd period - Stopped by Pekka Rinne without a rebound.
6:58 of 2nd period - Sean Couturier wins face-off versus Sam Reinhart in ARIZONA zone.
7:02 of 2nd period - Off-side.
7:03 of 2nd period - Evgeny Kuznetsov wins face-off versus Sean Couturier in neutral zone.
7:06 of 2nd period - Alexander Burmistrov is hit by Lee Stempniak and loses puck.
7:36 of 2nd period - Minor Penalty to Alexander Burmistrov for Hooking.
7:37 of 2nd period - Sean Couturier wins face-off versus Michael Frolik in ARIZONA zone.
8:16 of 2nd period - Shot by Michael Frolik.
8:16 of 2nd period - Stopped by Pekka Rinne without a rebound.
8:17 of 2nd period - Sean Couturier wins face-off versus Evgeny Kuznetsov in ARIZONA zone.
8:17 of 2nd period - Sean Couturier is hit by Gustav Nyquist.
8:37 of 2nd period - Adam Larsson is hit by Gustav Nyquist.
9:46 of 2nd period - Icing by Mikael Backlund.
9:47 of 2nd period - Mikael Backlund wins face-off versus Jacob Josefson in ARIZONA zone.
10:00 of 2nd period - Shot by Brandon Manning.
10:00 of 2nd period - Shot Misses the Net.
10:02 of 2nd period - Shot by Justin Williams.
10:02 of 2nd period - Shot Misses the Net.
10:54 of 2nd period - Shot by Sean Couturier.
10:54 of 2nd period - Stopped by Cam Talbot with a rebound.
10:56 of 2nd period - Shot by Sean Couturier.
10:56 of 2nd period - Shot Blocked by Karl Alzner.
11:02 of 2nd period - Shot by Bryan Rust.
11:02 of 2nd period - Shot Misses the Net.
11:10 of 2nd period - Shot by Sean Couturier.
11:10 of 2nd period - Shot Misses the Net.
11:12 of 2nd period - Shot by Sean Couturier.
11:12 of 2nd period - Deflect By Bryan Rust.
11:12 of 2nd period - Shot Misses the Net.
11:30 of 2nd period - Sean Couturier is hit by Karl Alzner and loses puck.
11:41 of 2nd period - Shot by Loui Eriksson.
11:41 of 2nd period - Stopped by Cam Talbot without a rebound.
11:42 of 2nd period - Tomas Plekanec wins face-off versus Evgeny Kuznetsov in ANAHEIM zone.
11:43 of 2nd period - Shot by Gabriel Landeskog.
11:43 of 2nd period - Stopped by Cam Talbot without a rebound.
11:44 of 2nd period - Evgeny Kuznetsov wins face-off versus Tomas Plekanec in ANAHEIM zone.
11:44 of 2nd period - Minor Penalty to Gabriel Landeskog for Tripping.
11:45 of 2nd period - Evgeny Kuznetsov wins face-off versus Sean Couturier in ARIZONA zone.
12:05 of 2nd period - Off-side.
12:06 of 2nd period - Sean Couturier wins face-off versus Connor McDavid in neutral zone.
12:56 of 2nd period - Icing by Karl Alzner.
12:57 of 2nd period - Thomas Vanek wins face-off versus Sean Couturier in ANAHEIM zone.
13:22 of 2nd period - Shot by Evgeny Kuznetsov.
13:22 of 2nd period - Goal by Evgeny Kuznetsov - ANAHEIM : 3 - ARIZONA : 1.
13:23 of 2nd period - Mikael Backlund wins face-off versus Jacob Josefson in neutral zone.
13:46 of 2nd period - David Perron is hit by Ian Cole and loses puck.
13:52 of 2nd period - Off-side.
13:53 of 2nd period - Sean Couturier wins face-off versus Evgeny Kuznetsov in neutral zone.
14:24 of 2nd period - Shot by Adam Larsson.
14:24 of 2nd period - Shot Misses the Net.
15:14 of 2nd period - Minor Penalty to Tomas Plekanec for Holding.
15:15 of 2nd period - Sean Couturier wins face-off versus Connor McDavid in ARIZONA zone.
15:30 of 2nd period - Shot by Karl Alzner.
15:30 of 2nd period - Shot Misses the Net.
16:22 of 2nd period - Radek Faksa is hit by Gustav Nyquist.
16:38 of 2nd period - Shot by Gustav Nyquist.
16:38 of 2nd period - Stopped by Pekka Rinne without a rebound.
16:39 of 2nd period - Connor McDavid wins face-off versus Radek Faksa in ARIZONA zone.
17:40 of 2nd period - Shot by William Nylander.
17:40 of 2nd period - Goal by William Nylander - ANAHEIM : 3 - ARIZONA : 2.
17:41 of 2nd period - Jacob Josefson wins face-off versus Radek Faksa in neutral zone.
18:04 of 2nd period - Shot by Radek Faksa.
18:04 of 2nd period - Stopped by Cam Talbot with a rebound.
18:28 of 2nd period - Nicklas Grossmann is hit by David Perron.
18:42 of 2nd period - Brandon Manning is hit by Benoit Pouliot and loses puck.
19:01 of 2nd period - Icing by Benoit Pouliot.
19:02 of 2nd period - Benoit Pouliot wins face-off versus Tomas Plekanec in ANAHEIM zone.
19:02 of 2nd period - Benoit Pouliot is hit by Tomas Plekanec.
19:47 of 2nd period - Icing by Adam Larsson.
19:48 of 2nd period - Connor McDavid wins face-off versus Tomas Plekanec in ARIZONA zone.
19:49 of 2nd period - Shot by Sam Reinhart.
19:49 of 2nd period - Shot Misses the Net.
19:51 of 2nd period - Shot by Karl Alzner.
19:51 of 2nd period - Stopped by Pekka Rinne without a rebound.
19:52 of 2nd period - Evgeny Kuznetsov wins face-off versus Mikael Backlund in ARIZONA zone.
19:57 of 2nd period - Shot by Thomas Vanek.
19:57 of 2nd period - Shot Blocked by Ian Cole.
19:59 of 2nd period - Shot by Anton Stralman.
19:59 of 2nd period - Stopped by Pekka Rinne with a rebound.
Goals for this period are 2 for ANAHEIM vs 1 for ARIZONA.
Shots for this period are 9 for ANAHEIM vs 6 for ARIZONA.

3rd period


0:01 of 3rd period - Connor McDavid wins face-off versus Tomas Plekanec in neutral zone.
0:09 of 3rd period - Icing by Connor McDavid.
0:10 of 3rd period - Mikael Backlund wins face-off versus Connor McDavid in ANAHEIM zone.
0:26 of 3rd period - Shot by Connor McDavid.
0:26 of 3rd period - Stopped by Pekka Rinne without a rebound.
0:27 of 3rd period - Evgeny Kuznetsov wins face-off versus Gabriel Landeskog in ARIZONA zone.
1:03 of 3rd period - Shot by Lee Stempniak.
1:03 of 3rd period - Stopped by Pekka Rinne without a rebound.
1:04 of 3rd period - Mikael Backlund wins face-off versus Connor McDavid in ARIZONA zone.
1:28 of 3rd period - Icing by P.K. Subban.
1:29 of 3rd period - Jacob Josefson wins face-off versus Justin Williams in ARIZONA zone.
1:32 of 3rd period - Shot by Benoit Pouliot.
1:32 of 3rd period - Deflect By David Perron.
1:32 of 3rd period - Shot Misses the Net.
1:34 of 3rd period - Shot by Benoit Pouliot.
1:34 of 3rd period - Shot Blocked by Mikael Backlund.
2:02 of 3rd period - Shot by David Perron.
2:02 of 3rd period - Shot Misses the Net.
2:44 of 3rd period - Icing by Ian Cole.
2:45 of 3rd period - Connor McDavid wins face-off versus Tomas Plekanec in ARIZONA zone.
2:56 of 3rd period - Shot by Connor McDavid.
2:56 of 3rd period - Shot Misses the Net.
3:18 of 3rd period - Shot by Reilly Smith.
3:18 of 3rd period - Shot Blocked by Erik Gudbranson.
4:07 of 3rd period - Sean Couturier is hit by Anton Stralman and loses puck.
5:11 of 3rd period - Shot by Loui Eriksson.
5:11 of 3rd period - Stopped by Cam Talbot without a rebound.
5:12 of 3rd period - Mikael Backlund wins face-off versus Connor McDavid in ANAHEIM zone.
5:12 of 3rd period - William Nylander is hit by Ben Lovejoy and loses puck.
5:14 of 3rd period - Minor Penalty to Justin Williams for Hooking.
5:15 of 3rd period - Sean Couturier wins face-off versus Connor McDavid in ARIZONA zone.
5:15 of 3rd period - Reilly Smith is hit by Connor McDavid and loses puck.
5:20 of 3rd period - Shot by Mike Green.
5:20 of 3rd period - Shot Misses the Net.
5:22 of 3rd period - Shot by Michael Frolik.
5:22 of 3rd period - Shot Misses the Net.
5:26 of 3rd period - Shot by Connor McDavid.
5:26 of 3rd period - Shot Misses the Net.
5:28 of 3rd period - Shot by Mike Green.
5:28 of 3rd period - Goal by Mike Green - ANAHEIM : 4 - ARIZONA : 2.
5:29 of 3rd period - Andrew Shaw wins face-off versus Mikael Backlund in neutral zone.
5:34 of 3rd period - Shot by Gustav Nyquist.
5:34 of 3rd period - Stopped by Pekka Rinne without a rebound.
5:35 of 3rd period - Mikael Backlund wins face-off versus Connor McDavid in ARIZONA zone.
6:00 of 3rd period - Shot by Connor McDavid.
6:00 of 3rd period - Goal by Connor McDavid - ANAHEIM : 5 - ARIZONA : 2.
6:01 of 3rd period - Sean Couturier wins face-off versus Jacob Josefson in neutral zone.
7:01 of 3rd period - Icing by Ben Lovejoy.
7:02 of 3rd period - Tomas Plekanec wins face-off versus Connor McDavid in ANAHEIM zone.
7:34 of 3rd period - Shot by Gabriel Landeskog.
7:34 of 3rd period - Shot Misses the Net.
7:36 of 3rd period - Shot by Tomas Plekanec.
7:36 of 3rd period - Shot Misses the Net.
7:38 of 3rd period - Shot by Reilly Smith.
7:38 of 3rd period - Deflect By Tomas Plekanec.
7:38 of 3rd period - Shot Misses the Net.
7:42 of 3rd period - Shot by Gabriel Landeskog.
7:42 of 3rd period - Shot Blocked by Ben Lovejoy.
8:10 of 3rd period - Shot by Mikael Backlund.
8:10 of 3rd period - Stopped by Cam Talbot with a rebound.
8:12 of 3rd period - Shot by Nicklas Grossmann.
8:12 of 3rd period - Shot Blocked by Karl Alzner.
8:14 of 3rd period - Shot by Mikael Backlund.
8:14 of 3rd period - Stopped by Cam Talbot without a rebound.
8:15 of 3rd period - Jacob Josefson wins face-off versus Radek Faksa in ANAHEIM zone.
8:55 of 3rd period - Icing by P.K. Subban.
8:56 of 3rd period - Radek Faksa wins face-off versus Thomas Vanek in ARIZONA zone.
9:10 of 3rd period - Icing by Karl Alzner.
9:11 of 3rd period - Mikael Backlund wins face-off versus Evgeny Kuznetsov in ANAHEIM zone.
9:11 of 3rd period - Justin Williams is hit by Anton Stralman and loses puck.
10:59 of 3rd period - Shot by Reilly Smith.
10:59 of 3rd period - Stopped by Cam Talbot without a rebound.
11:00 of 3rd period - Sean Couturier wins face-off versus Jacob Josefson in ANAHEIM zone.
11:19 of 3rd period - Shot by Jacob Josefson.
11:19 of 3rd period - Deflect By Benoit Pouliot.
11:19 of 3rd period - Shot Blocked by P.K. Subban.
11:21 of 3rd period - Shot by David Perron.
11:21 of 3rd period - Stopped by Pekka Rinne without a rebound.
11:22 of 3rd period - Radek Faksa wins face-off versus Andrew Shaw in ARIZONA zone.
11:22 of 3rd period - Radek Faksa is hit by Andrew Shaw.
12:10 of 3rd period - Gustav Nyquist is hit by William Nylander and loses puck.
12:23 of 3rd period - Shot by Justin Williams.
12:23 of 3rd period - Stopped by Cam Talbot with a rebound.
12:34 of 3rd period - William Nylander is hit by Anton Stralman.
12:49 of 3rd period - Icing by Justin Williams.
12:50 of 3rd period - Lee Stempniak wins face-off versus Mikael Backlund in ARIZONA zone.
12:55 of 3rd period - Shot by Evgeny Kuznetsov.
12:55 of 3rd period - Stopped by Pekka Rinne without a rebound.
12:56 of 3rd period - Tomas Plekanec wins face-off versus Evgeny Kuznetsov in ARIZONA zone.
13:13 of 3rd period - Shot by Reilly Smith.
13:13 of 3rd period - Shot Blocked by Mike Green.
13:32 of 3rd period - Shot by Gabriel Landeskog.
13:32 of 3rd period - Stopped by Cam Talbot without a rebound.
13:33 of 3rd period - Bryan Rust wins face-off versus Connor McDavid in ANAHEIM zone.
15:00 of 3rd period - Shot by David Perron.
15:00 of 3rd period - Deflect By Benoit Pouliot.
15:00 of 3rd period - Shot Misses the Net.
15:11 of 3rd period - Icing by Adam Larsson.
15:12 of 3rd period - Evgeny Kuznetsov wins face-off versus Sean Couturier in ARIZONA zone.
15:31 of 3rd period - Shot by Thomas Vanek.
15:31 of 3rd period - Shot Misses the Net.
15:33 of 3rd period - Shot by Evgeny Kuznetsov.
15:33 of 3rd period - Deflect By Thomas Vanek.
15:33 of 3rd period - Stopped by Pekka Rinne with a rebound.
15:35 of 3rd period - Shot by Thomas Vanek.
15:35 of 3rd period - Stopped by Pekka Rinne without a rebound.
15:36 of 3rd period - Mikael Backlund wins face-off versus Connor McDavid in ARIZONA zone.
15:36 of 3rd period - Mikael Backlund is hit by Michael Frolik.
16:06 of 3rd period - Shot by Connor McDavid.
16:06 of 3rd period - Shot Misses the Net.
16:08 of 3rd period - Shot by Michael Frolik.
16:08 of 3rd period - Shot Blocked by Mikael Backlund.
16:10 of 3rd period - Shot by Erik Gudbranson.
16:10 of 3rd period - Shot Misses the Net.
16:12 of 3rd period - Shot by Michael Frolik.
16:12 of 3rd period - Stopped by Pekka Rinne without a rebound.
16:13 of 3rd period - Tomas Plekanec wins face-off versus Evgeny Kuznetsov in ARIZONA zone.
17:55 of 3rd period - Shot by Michael Frolik.
17:55 of 3rd period - Shot Blocked by Ron Hainsey.
17:57 of 3rd period - Shot by Connor McDavid.
17:57 of 3rd period - Stopped by Pekka Rinne with a rebound.
17:59 of 3rd period - Shot by Ben Lovejoy.
17:59 of 3rd period - Shot Blocked by Ian Cole.
18:01 of 3rd period - Shot by Connor McDavid.
18:01 of 3rd period - Deflect By Sam Reinhart.
18:01 of 3rd period - Shot Misses the Net.
18:47 of 3rd period - Shot by Mikael Backlund.
18:47 of 3rd period - Shot Misses the Net.
19:51 of 3rd period - Shot by Evgeny Kuznetsov.
19:51 of 3rd period - Deflect By Lee Stempniak.
19:51 of 3rd period - Stopped by Pekka Rinne without a rebound.
19:52 of 3rd period - Connor McDavid wins face-off versus Sean Couturier in ARIZONA zone.
19:53 of 3rd period - Shot by Michael Frolik.
19:53 of 3rd period - Shot Misses the Net.
19:55 of 3rd period - Shot by Sam Reinhart.
19:55 of 3rd period - Deflect By Connor McDavid.
19:55 of 3rd period - Goal by Connor McDavid - ANAHEIM : 6 - ARIZONA : 2.
19:56 of 3rd period - Bryan Rust wins face-off versus Thomas Vanek in neutral zone.
Goals for this period are 3 for ANAHEIM vs 0 for ARIZONA.
Shots for this period are 13 for ANAHEIM vs 6 for ARIZONA.